 Dungeon Crawl Stone Soup version 0.31-a0-851-g7ff8af7976 (webtiles) character file.

Game seed: 5965333914203207369

100 Getoffmy the Sneak (level 4, 0/21 HPs)
             Began as a Spriggan Venom Mage on Oct 8, 2023.
             Succumbed to a kobold brigand's poison
             ... in a sewer.
             The game lasted 00:12:04 (2919 turns).

Getoffmy the Sneak (Spriggan Venom Mage)            Turns: 2919, Time: 00:12:04

Health: 0/21       AC:  3    Str:  1 (4)  XL:     4   Next: 47%
Magic:  3/10       EV: 17    Int: 16 (18) God:
Gold:   101        SH:  0    Dex: 14 (15) Spells: 7/10 levels left

rFire   . . .        n - +2 whip (flame)
rCold   . . .        (no shield)
rNeg    . . .        a - +0 robe
rPois   .            (helmet restricted)
rElec   .            e - +0 cloak
rCorr   .            (gloves unavailable)
SInv    +            (boots unavailable)
Will    .....        (no amulet)
Stlth   ++           (no ring)
HPRegen 0.23/turn    (no ring)
MPRegen 0.12/turn

%: no passive effects
@: lethally poisoned (0 -> -6), attractive, slow
A: very small, no large weapons, unfitting armour, see invisible, speed 3
a: no special abilities


You were in a sewer.
You visited 1 branch of the dungeon, and saw 3 of its levels.
You also visited: Sewer.

You collected 101 gold pieces.

Inventory:

Hand Weapons
 g - a +0 short sword
 n - a +2 whip of flaming (weapon)
Missiles
 c - 11 stones
Armour
 a - a +0 robe (worn)
 e - a +0 cloak (worn)
Talismans
 h - a serpent talisman
Scrolls
 f - a scroll of brand weapon {unknown}
 j - 3 scrolls of identify {unknown}
 l - 3 scrolls of teleportation {unknown}
 o - a scroll of silence {unknown}
Potions
 b - a potion of magic
 k - a potion of lignification {unknown}
 m - a potion of haste {unknown}


   Skills:
 - Level 2.6 Dodging
 + Level 4.5 Stealth
 + Level 3.7 Spellcasting
 - Level 1.3 Transmutations
 * Level 4.3 Poison Magic


You had 7 spell levels left.
You knew the following spells:

 Your Spells              Type           Power      Damage    Failure   Level
a - Sting                 Tmut/Pois      48%        1d5       5%          1
b - Poisonous Vapours     Pois/Air       18%        N/A       11%         2

Your spell library contained the following spells:

 Spells                   Type           Power      Damage    Failure   Level
 Mephitic Cloud           Conj/Pois/Air  7%         N/A       28%         3
 Olgreb's Toxic Radiance  Pois           16%        N/A       28%         4


Dungeon Overview and Level Annotations

Branches:
Dungeon (3/15)              Sewer (1/1)

Altars:
Ashenzari

Annotations:
D:3 Ijyb


Innate Abilities, Weirdness & Mutations

You are very small and have problems with some larger weapons.
You are too small for most types of armour.
You have supernaturally acute eyesight. (SInv)
You cover ground extremely quickly. (Speed+++)


Message History

You miscast Poisonous Vapours.
You are very lightly contaminated with residual magic.
Nothing appears to happen.
You feel sick.
You are no longer poisoned.
The kobold brigand splashes around in the water.
Your unstable footing causes you to fumble your attack.
The kobold brigand hits you with a +0 club.
You closely miss the kobold brigand.
The kobold brigand is moderately wounded.
The kobold brigand barely misses you.
Okay, then.
The kobold brigand throws a poisoned dart.
The poisoned dart hits you!
You are poisoned.
Your magical contamination has completely faded away.
* * * LOW HITPOINT WARNING * * *
You feel sick.
Casting: Poisonous Vapours (safe; 10% risk of failure)
Confirm with . or Enter, or press ? or * to list all spells.
Aiming: Sting (safe; 4% risk of failure)
Press: ? - help, Shift-Dir - straight line, f/p - kobold brigand
Aim: a kobold brigand, wielding a +0 club and quivering poisoned darts (heavily wounded, poisoned, 64% to hit)
The sting hits the kobold brigand.
The kobold brigand looks even sicker.
The kobold brigand is severely wounded.
* * * LOW HITPOINT WARNING * * *
You feel sick.
It was a potion of attraction.
You feel attractive to monsters.
You feel sick.
The kobold brigand throws a poisoned dart.
The poisoned dart hits you!
You are lethally poisoned!
The kobold brigand is attracted toward you.
It was a potion of degeneration.
There was something very wrong with that liquid.
You feel weakened.
You feel dopey.
You feel clumsy.
* * * LOW HITPOINT WARNING * * *
You feel sick.
The kobold brigand splashes around in the water.
You die... # # # # # # # ################################# ~~~~~~~~~~~~~§K~@~~......∩∩...... ################################# #

You could see a kobold brigand (very poisoned).

Vanquished Creatures
  An orc wizard (D:3)
  2 river rats (Sewer)
  2 dart slugs
  An orc (D:3)
  3 ball pythons
  3 endoplasms
  4 giant cockroaches
  3 goblins
  6 hobgoblins
  5 jackals
  4 kobolds
  2 quokkas (D:3)
  4 bats
  4 frilled lizards
  3 rats
47 creatures vanquished.

Notes
Turn   | Place    | Note
-------+----------+-------------------------------------------
     0 | D:1      | Getoffmy the Spriggan Venom Mage began the quest for the
                  | Orb.
     0 | D:1      | Reached XP level 1. HP: 9/9 MP: 5/5
   329 | D:1      | Reached XP level 2. HP: 13/13 MP: 1/6
  1375 | D:2      | Reached XP level 3. HP: 15/16 MP: 8/8
  2203 | D:3      | Found a broken altar of Ashenzari.
  2240 | D:3      | Learned a level 2 spell: Poisonous Vapours
  2277 | D:3      | Noticed Ijyb
  2395 | D:3      | Reached XP level 4. HP: 21/21 MP: 8/10
  2403 | D:3      | Found a glowing drain.
  2452 | Sewer    | Entered a sewer
  2468 | Sewer    | HP: 1/21 [river rat (4)]
  2874 | Sewer    | Noticed a kobold brigand
  2919 | Sewer    | Succumbed to a kobold brigand's poison

Illustrated notes

Levels and vault maps discovered:
D:1:      onia_arrival_pyramid, layout_basic
D:2:      layout_basic
D:3:      layout_loops_ring, kennysheep_slug_shrine, nicolae_ashenzari_skybound,
          portal_sewer_entry_f, serial_shops, nicolae_lakefront_shop, uniq_ijyb
Sewer:    sewer_kobolds

Skill      XL: |  1  2  3 |
---------------+----------+-----
Spellcasting   | 3 |  3.7
Stealth        | 4 |  4.5
Poison Magic   | 4 |  4.3
Dodging        | |  2.6
Transmutations | |  1.3

Action                     |  1- 3 |  4- 6 || total
---------------------------+-------+-------++-------
  Melee: Short sword       |    23 |       ||    23
         Punch             |     1 |     1 ||     2
         Unarmed           |     1 |       ||     1
         Whip              |       |    35 ||    35
   Cast: Sting             |    45 |    13 ||    58
         Poisonous Vapours |     1 |     5 ||     6
    Use: Scroll            |     1 |       ||     1
         Potion            |       |     2 ||     2
   Stab: Sleeping          |       |     1 ||     1
 Armour: Robe              |    10 |    21 ||    31
  Dodge: Dodged            |    26 |    48 ||    74

Table legend: (Time is in decaauts)
 A = Elapsed time spent in this place.
 B = Non-inter-level travel time spent in this place.
 C = Inter-level travel time spent in this place.
 D = Time resting spent in this place.
 E = Time spent auto-exploring this place.
 F = Levels seen in this place.
 G = Mean time per level.
                   A        B        C        D        E       F      G
               +--------+--------+--------+--------+--------+-----+--------+
         Total |   2170 |   2111 |     59 |    542 |   1006 |   4 |  542.5 |
       Dungeon |   1706 |   1647 |     59 |    221 |    964 |   3 |  568.7 |
         Sewer |    463 |    463 |      0 |    321 |     42 |   1 |  463.0 |
               +--------+--------+--------+--------+--------+-----+--------+

Top non-repeatable levels by time:
     D:1: 803 daAuts
     D:2: 723 daAuts
   Sewer: 463 daAuts
     D:3: 179 daAuts
